 Dungeon Crawl Stone Soup version 0.26-a0-752-gcff87cac9a (webtiles) character file.

Game seed: 11772850549036108679

54 DerDa the Conjurer (level 3, -3/26 HPs)
             Began as a Draconian Conjurer on Nov 6, 2020.
             Slain by a centaur (4 damage)
             ... on level 2 of the Dungeon.
             The game lasted 00:03:46 (1876 turns).

DerDa the Conjurer (Draconian Conjurer)             Turns: 1876, Time: 00:03:46

Health: -3/26      AC:  7    Str:  9    XL:     3   Next: 66%
Magic:  1/7        EV: 11    Int: 19    God:
Gold:   110        SH:  3    Dex:  9    Spells: 6/7 levels left

rFire    . . .     SeeInvis .   f - +0 short sword
rCold    . . .     Faith    .   d - +0 buckler
rNeg     . . .     Spirit   .   (armour unavailable)
rPois    .         Reflect  .   (helmet restricted)
rElec    .         Harm     .   p - +0 cloak
rCorr    .         Rampage  .   (no gloves)
MR       .....                  c - +0 pair of boots
Stlth    ++........             (no amulet)
HPRegen  0.08/turn              (no ring)
MPRegen  0.10/turn              (no ring)

@: no status effects
A: unfitting armour, cold-blooded, AC +5
a: no special abilities


You were on level 2 of the Dungeon.
You visited 1 branch of the dungeon, and saw 2 of its levels.

You collected 110 gold pieces.

Inventory:

Hand Weapons
 f - a +0 short sword (weapon)
 o - a cursed +0 hunting sling
Missiles
 b - 55 stones (quivered)
 i - 14 bolts
 j - 37 sling bullets
 r - 20 poisoned darts
Armour
 c - a +0 pair of boots (worn)
 d - a +0 buckler (worn)
 p - a +0 cloak (worn)
Scrolls
 g - 2 scrolls of identify {unknown}
 k - a scroll of noise {unknown}
 l - a scroll of magic mapping {unknown}
 m - a scroll of fog {unknown}
 n - a scroll of blinking {unknown}
 s - a scroll of enchant armour {unknown}
 t - a scroll of fear {unknown}
Potions
 a - a potion of lignification {unknown}
 e - 2 potions of might {unknown}
 h - a potion of curing {unknown}
 q - a potion of heal wounds {unknown}


   Skills:
 - Level 1.7 Dodging
 - Level 1.7 Stealth
 * Level 1.3 Shields
 * Level 2.8 Spellcasting
 * Level 4.5 Conjurations


You had 6 spell levels left.
You knew the following spells:

 Your Spells              Type           Power        Failure   Level
a - Magic Dart            Conj           ###.         3%          1

Your spell library contained the following spells:

 Spells                   Type           Power        Failure   Level
 Searing Ray              Conj           ###...       4%          2
 Dazzling Flash           Conj/Hex       ##....       26%         3
 Fulminant Prism          Conj/Hex       ##........   65%         4
 Iskenderun's Mystic Bla  Conj/Tloc      ##......     65%         4


Dungeon Overview and Level Annotations

Branches:
Dungeon (2/15)

Altars:


Innate Abilities, Weirdness & Mutations

Your plain brown scales are hard. (AC +5)
You cannot fit into any form of body armour.
You are cold-blooded and may be slowed by cold attacks.


Message History

You block the centaur's attack. The bat hits you.
* * * LOW HITPOINT WARNING * * *
The centaur completely misses you.
You hit the centaur but do no damage.
The centaur is almost dead.
The bat closely misses you. The bat barely misses you.
The centaur closely misses you.
The centaur hits you but does no damage.
You barely miss the centaur.
The centaur is almost dead.
The bat barely misses you.
The centaur hits you but does no damage.
You barely miss the centaur.
The centaur is almost dead.
The bat closely misses you. The centaur misses you. The centaur hits you.
* * * LOW HITPOINT WARNING * * *
You barely miss the centaur.
The centaur is almost dead.
The bat completely misses you. The centaur hits you.
You die...

## ... .######## ....
....... ...> ..#.
#..###### ..... .#
..#.##.....#.###..... .##
..#.....#....#..........
..##...........# .).
.........≈.≈.≈.#####.# #
#.##.#.....≈≈≈.b@c...#...
..##.#.....≈...........#
...†.....#.....#.(...#..
†.##.#######.#.....?.#
####.###########......# #
#.......# #......# #
#.#####.###.###....#
####.##.........# ...##
##....).........##...#


You could see a centaur and a bat.

Vanquished Creatures
  An adder (D:2)
  2 worms
  2 dart slugs
  4 goblins
  4 hobgoblins (D:2)
  2 jackals (D:1)
  5 kobolds
  A quokka (D:2)
  4 bats
  4 frilled lizards
  6 rats
35 creatures vanquished.

Vanquished Creatures (others)
  5 toadstools (D:1)
5 creatures vanquished.

Grand Total: 40 creatures vanquished

Notes
Turn   | Place    | Note
-------+----------+-------------------------------------------
     0 | D:1      | DerDa the Draconian Conjurer began the quest for the Orb.
     0 | D:1      | Reached XP level 1. HP: 14/14 MP: 3/3
   529 | D:1      | Reached XP level 2. HP: 20/20 MP: 3/5
  1138 | D:2      | Reached skill level 1 in Shields
  1138 | D:2      | Reached XP level 3. HP: 18/26 MP: 0/6
  1851 | D:2      | Noticed a centaur
  1875 | D:2      | HP: 1/26 [centaur (2)]
  1876 | D:2      | Slain by a centaur

Illustrated notes

Levels and vault maps discovered:
D:1:      ldierk_walled_garden, layout_rooms,
          hangedman_abyss_or_decor_lesser_grid
D:2:      layout_basic, chequers_serial_rivers_micro_c, minmay_misc_feat_tower

Skill      XL: |  1  2 |
---------------+-------+-----
Shields        | 1 |  1.3
Dodging        | |  1.7
Stealth        | |  1.7
Spellcasting   | |  2.8
Conjurations   | |  4.5

Action                   || total
-------------------------++-------
Melee: Unarmed           ||    23
       Short sword       ||    31
       Tailslap          ||     2
 Cast: Magic Dart        ||    77
Armor: Skin              ||    34
Dodge: Dodged            ||    59
Block: Buckler           ||    10

Table legend: (Time is in decaauts)
 A = Elapsed time spent in this place.
 B = Non-inter-level travel time spent in this place.
 C = Inter-level travel time spent in this place.
 D = Time resting spent in this place.
 E = Time spent auto-exploring this place.
 F = Levels seen in this place.
 G = Mean time per level.
                   A        B        C        D        E       F      G
               +--------+--------+--------+--------+--------+-----+--------+
         Total |   1882 |   1837 |     45 |    269 |   1273 |   2 |  941.0 |
       Dungeon |   1882 |   1837 |     45 |    269 |   1273 |   2 |  941.0 |
               +--------+--------+--------+--------+--------+-----+--------+

Top non-repeatable levels by time:
     D:1: 1122 daAuts
     D:2: 760 daAuts
